 Dungeon Crawl Stone Soup version 0.26.1-11-gd32895ea62 (webtiles) character file.

Game seed: 6759990273081976073

7 Descartes the Scratcher (level 1, -1/9 HPs)
             Began as a Felid Wanderer on June 29, 2021.
             Slain by a goblin (2 damage)
             ... on level 1 of the Dungeon.
             The game lasted 00:00:29 (51 turns).

Descartes the Scratcher (Felid Wanderer)              Turns: 51, Time: 00:00:29

Health: -1/9       AC:  1    Str:  6    XL:     1   Next: 91%
Magic:  2/2        EV: 16    Int: 16    God:
Gold:   0          SH:  0    Dex: 14    Spells: 0/0 levels left
                                        Lives:  0   Deaths: 0

rFire    . . .     SeeInvis +     - Unarmed
rCold    . . .     Faith    .   (shield unavailable)
rNeg     . . .     Spirit   .   (armour unavailable)
rPois    .         Reflect  .   (helmet unavailable)
rElec    .         Harm     .   (cloak unavailable)
rCorr    .         Rampage  .   (gloves unavailable)
Will     .....                  (boots unavailable)
Stlth    +++.......             (no amulet)
HPRegen  0.03/turn              (no ring)
MPRegen  0.08/turn              (no ring)

@: quick
A: very small, no armour, no weapons or thrown items, stealth, claws 1, fangs 3,
see invisible, speed 1, shaggy fur 1, sharp paws
a: no special abilities


You were on level 1 of the Dungeon.
You visited 1 branch of the dungeon, and saw 1 of its levels.

Inventory:

Scrolls
 d - 2 scrolls of teleportation
Potions
 a - a potion of heal wounds
 b - a potion of berserk rage
 c - a potion of curing


   Skills:
 - Level 1.0 Fighting
 + Level 1.1 Dodging
 + Level 4.3 Stealth
 + Level 6.1 Unarmed Combat


You couldn't memorise any spells.
You didn't know any spells.
Your spell library was empty.

Dungeon Overview and Level Annotations

Branches:
Dungeon (1/15)

Altars:


Innate Abilities, Weirdness & Mutations

You cannot wear armour.
You are incapable of wielding weapons or throwing items.
Your paws allow you to move quietly. (Stealth)
You have sharp claws.
You have razor-sharp teeth.
You have supernaturally acute eyesight. (SInv)
You cover ground quickly.
You are covered in fur. (AC +1)
Your sharp claws are effective at attacking unaware monsters.


Message History

The giant cockroach bites you.
* * * LOW HITPOINT WARNING * * *
You closely miss the giant cockroach.
The giant cockroach is heavily wounded.
The giant cockroach misses you.
You scratch the giant cockroach.
The giant cockroach is severely wounded.
The giant cockroach completely misses you.
You scratch the giant cockroach.
You kill the giant cockroach!
Your Dodging skill increases to level 1!
You scratch the goblin.
The goblin is severely wounded.
You miss the goblin. Your bite misses the goblin.
The goblin is severely wounded.
The goblin completely misses you.
You scratch the goblin but do no damage.
The goblin is severely wounded.
The goblin hits you.
You die...

#.# #.# ### #.# ####.. .
#.# #....# .b #.# #.##.# .#
#.### #.##.## ..##
########...# #.##..#...$#
≈≈≈≈≈≈8#...## #@##††.?#
.......#.#..# #g##.)###..
.......#.#..####.........#
..8....'.#..†.........?....
..8....'.#.....#)........#.
.......#.#.....#...#######
....§).#.#..##.#...#
≈≈§≈≈≈8#....##.#.....
########...###.#.#.$.#


You could see a goblin.

Vanquished Creatures
  A dart slug (D:1)
  A bat (D:1)
  A giant cockroach (D:1)
  A hobgoblin (D:1)
  A frilled lizard (D:1)
5 creatures vanquished.

Notes
Turn   | Place    | Note
-------+----------+-------------------------------------------
     0 | D:1      | Descartes the Felid Wanderer began the quest for the Orb.
     0 | D:1      | Descartes set off with the following items: a potion of
                  | heal wounds, a potion of berserk rage, a potion of curing,
                  | a scroll of teleportation
     0 | D:1      | Reached XP level 1. HP: 9/9 MP: 2/2
    49 | D:1      | Reached skill level 1 in Dodging
    51 | D:1      | Slain by a goblin

Illustrated notes

Levels and vault maps discovered:
D:1:      lightli_arrival_noodles, layout_loops_ring, serial_forest,
          infiniplex_forest_straight_1, infiniplex_forest_clump_diagonal,
          infiniplex_forest_3_way, infiniplex_forest_clump_double,
          infiniplex_forest_corner_2, infiniplex_forest_lined_room_2,
          corexii_item_surrounded_by_moat, minmay_pentomino_s4

Skill      XL: |  1 |
---------------+----+-----
Dodging        | 1 |  1.1
Fighting       | |  1.0
Stealth        | |  4.3
Unarmed Combat | |  6.1

Action                   || total
-------------------------++-------
Melee: Unarmed           ||    19
Armor: Skin              ||     1
Dodge: Dodged            ||    11
